 Dungeon Crawl Stone Soup version 0.30-a0-760-g5a9884bb7c (webtiles) character file.

Game seed: 12134290364170237766

1826837 Valamore the Fungal (level 25, 233/233 HPs)
             Began as a Minotaur Fighter on Feb 10, 2023.
             Was an Initiate of Fedhas.
             Escaped with the Orb
             ... and 3 runes!
             The game lasted 01:19:03 (56274 turns).

Valamore the Fungal (Minotaur Fighter)             Turns: 56274, Time: 01:19:04

Health: 233/233    AC: 41    Str: 34    XL:     25   Next: 53%
Magic:  39/39      EV: 19    Int:  5    God:    Fedhas [......]
Gold:   4758       SH: 23    Dex: 19    Spells: 24/24 levels left

rFire   + . .      SeeInvis .    C - +8 mithril axe "Arga" {speed, Will+}
rCold   + . .      Faith    .    l - +0 tower shield
rNeg    . . .      Spirit   .    n - +9 gold dragon scales
rPois   +          Reflect  .    Z - +1 hat of Taschoeh {Str+5 Dex+5 Stlth-}
rElec   +          Harm     .    O - +0 cloak of Greed {rElec rPois Will- Regen+}
rCorr   .          Rampage  .    y - +2 pair of gloves
Will    ++...                    j - +2 pair of boots {Stlth+} Stlth
                                 Q - amulet of regeneration
HPRegen 2.18/turn                k - +5 ring of evasion
MPRegen 0.26/turn                P - ring of poison resistance

@: no status effects
A: horns 2, retaliatory headbutt, iridescent scales 1, strong-willed 1, wild
magic 1, noise suppression
0: Orb of Zot
}: 3/15 runes: decaying, slimy, gossamer
a: Renounce Religion


You escaped.
You worshipped Fedhas.
Fedhas was noncommittal.
You visited 10 branches of the dungeon, and saw 49 of its levels.
You also visited: Sewer, Gauntlet and Ice Cave.

You collected 5641 gold pieces.
You spent 883 gold pieces at shops.

Inventory:

Hand Weapons
 C - the +8 mithril axe "Arga" (weapon) {speed, Will+}
   (Okawaru gifted it to you on level 4 of the Swamp)

   Will:      It increases your willpower.
 D - a +8 vampiric broad axe
 L - a +3 broad axe of holy wrath
Missiles
 a - 4 silver boomerangs
 e - 7 curare-tipped darts
 s - 28 boomerangs
 M - 17 silver javelins (quivered)
 N - 29 javelins
Armour
 j - a +2 pair of boots of stealth (worn)
 l - a +0 tower shield (worn)
 n - +9 gold dragon scales (worn)
 y - a +2 pair of gloves (worn)
 O - the +0 cloak of Greed (worn) {rElec rPois Will- Regen+}
   (You found it in a Gauntlet)

   rElec:     It insulates you from electricity.
   rPois:     It protects you from poison.
   Regen:     It increases your rate of health regeneration.
   Will:      It decreases your willpower.
 V - a scarf of resistance
 Z - the +1 hat of Taschoeh (worn) {Str+5 Dex+5 Stlth-}
   (Okawaru gifted it to you on level 4 of the Swamp)

   Str:       It affects your strength (+5).
   Dex:       It affects your dexterity (+5).
   Stlth:     It makes you less stealthy.
Jewellery
 k - a +5 ring of evasion (left hand)
 G - a ring of willpower
 P - a ring of poison resistance (right hand)
 Q - an amulet of regeneration (around neck)
 R - a ring of see invisible
 U - a ring of willpower
Wands
 v - a wand of digging (9)
 I - a wand of roots (22)
 J - a wand of quicksilver (17)
Scrolls
 f - 2 scrolls of immolation
 p - 15 scrolls of fog
 t - 12 scrolls of teleportation
 u - 2 scrolls of silence
 z - 4 scrolls of blinking
 A - 9 scrolls of fear
 H - a scroll of torment
 K - 7 scrolls of poison
 T - 5 scrolls of brand weapon
Potions
 b - 4 potions of cancellation
 d - 8 potions of flight
 g - 6 potions of magic
 h - 7 potions of haste
 i - 5 potions of attraction
 m - 11 potions of might
 o - 7 potions of lignification
 r - 2 potions of resistance
 w - 17 potions of heal wounds
 B - 7 potions of invisibility
 E - 4 potions of ambrosia
 F - 9 potions of mutation
 X - 22 potions of curing
 Y - 2 potions of berserk rage
Miscellaneous
 c - a condenser vane
 q - a phial of floods
 x - a tin of tremorstones (2/2)
 W - a lightning rod (4/4)


   Skills:
 + Level 20.5 Fighting
 - Level 23.7 Axes
 - Level 14.1 Throwing
 - Level 15.8 Armour
 - Level 15.0 Dodging
 - Level 20.0 Shields
 O Level 27 Invocations
 - Level 12.0 Evocations


You had 24 spell levels left.
You didn't know any spells.
Your spell library contained the following spells:

 Spells                   Type           Power      Damage    Failure   Level
 Foxfire                  Conj/Fire      0%         2x1d4     100%        1
 Kiss of Death            Conj/Necr      0%         2d5       100%        1
 Necrotise                Necr           0%         1d4       100%        1
 Sandblast                Erth           0%         2d4       100%        1
 Shock                    Conj/Air       0%         1d3       100%        1
 Slow                     Hex            0%         N/A       100%        1
 Sting                    Tmut/Pois      0%         1d3       100%        1
 Ensorcelled Hibernation  Hex/Ice        0%         N/A       100%        2
 Passwall                 Tmut/Erth      0%         N/A       100%        2
 Poisonous Vapours        Pois/Air       0%         N/A       100%        2
 Searing Ray              Conj           0%         2d4       100%        2
 Confusing Touch          Hex            0%         N/A       100%        3
 Dazzling Flash           Conj/Hex       0%         N/A       100%        3
 Frozen Ramparts          Ice            0%         1d1       100%        3
 Kindle Blastsparks       Fire/Tloc/Air  0%         2d10      100%        3
 Ozocubu's Armour         Ice            0%         N/A       100%        3
 Spider Form              Tmut/Pois      0%         N/A       100%        3
 Stone Arrow              Conj/Erth      0%         3d7       100%        3
 Swiftness                Air            0%         N/A       100%        3
 Vampiric Draining        Necr           0%         2d6       100%        3
 Airstrike                Air            0%         2d(0-16)  100%        4
 Anguish                  Hex/Necr       0%         N/A       100%        4
 Dispel Undead            Necr           0%         3d6       100%        4
 Fulminant Prism          Conj/Hex       0%         3d5       100%        4
 Ice Form                 Ice/Tmut       0%         N/A       100%        4
 Iskenderun's Mystic Bla  Conj/Tloc      0%         2d3       100%        4
 Leda's Liquefaction      Hex/Erth       0%         N/A       100%        4
 Olgreb's Toxic Radiance  Pois           0%         N/A       100%        4
 Summon Ice Beast         Ice/Summ       0%         N/A       100%        4
 Summon Lightning Spire   Summ/Air       0%         N/A       100%        4
 Agony                    Necr           0%         N/A       100%        5
 Alistair's Intoxication  Tmut/Pois      0%         N/A       100%        5
 Blade Hands              Tmut           0%         N/A       100%        5
 Borgnjor's Vile Clutch   Necr/Erth      0%         N/A       100%        5
 Fireball                 Conj/Fire      0%         3d3       100%        5
 Freezing Cloud           Conj/Ice/Air   0%         6-21      100%        5
 Irradiate                Conj/Tmut      0%         3d11      100%        5
 Iskenderun's Battlesphe  Conj           0%         2d6       100%        5
 Lee's Rapid Deconstruct  Erth           0%         3d4*      100%        5
 Lightning Bolt           Conj/Air       0%         1d11      100%        5
 Metabolic Englaciation   Hex/Ice        0%         N/A       100%        5
 Silence                  Hex/Air        0%         N/A       100%        5
 Eringya's Noxious Bog    Tmut/Pois      0%         N/A       100%        6
 Simulacrum               Ice/Necr       0%         N/A       100%        6
 Starburst                Conj/Fire      0%         6d3       100%        6
 Statue Form              Tmut/Erth      0%         N/A       100%        6
 Dragon Form              Tmut           0%         N/A       100%        7
 Enfeeble                 Hex            0%         N/A       100%        7
 Ozocubu's Refrigeration  Ice            0%         4d7       100%        7
 Ignition                 Fire           0%         3d3       100%        8
 Chain Lightning          Conj/Air       0%         N/A       100%        9
 Fire Storm               Conj/Fire      0%         5d1       100%        9
 Polar Vortex             Ice            0%         N/A       100%        9
 Shatter                  Erth           0%         3d5*      100%        9


Dungeon Overview and Level Annotations

Branches:
Dungeon (15/15)            Temple (1/1) D:4            Lair (5/5) D:9
  Swamp (4/4) Lair:3       Spider (4/4) Lair:3        Slime (5/5) Lair:4
    Orc (2/2) D:10            Elf (0/3) Orc:2        Vaults (4/5) D:13
  Crypt (0/3) Vaults:2     Depths (4/4) D:15            Zot (5/5) Depths:4
  Sewer (visited)           IceCv (visited)         Gauntlet (visited)

Altars:
Ashenzari
Cheibriados
Dithmenos
Elyvilon
Fedhas
Gozag
Hepliaklqana
Kikubaaqudgha
Makhleb
Nemelex Xobeh
Okawaru
Qazlal
Ru
Sif Muna
Trog
Uskayaw
Vehumet
Wu Jian
Xom
Yredelemnul
Zin
The Shining One

Shops:
D:7 =   Orc:1 !   Orc:2 !([*[   Vaults:1 *

Portals:
Hell: Lair:5 Depths:1 Depths:2 Depths:3 Depths:4
Abyss: Depths:2 Depths:3
Pandemonium: Depths:1 Depths:2
Ziggurat: Depths:2
Trove: Vaults:2 (give 6 scrolls of fog)

Annotations:
D:13 3 runed translucent doors, Zakkuatt's ghost, journeyman HOFi
D:14 4 transporters
D:15 2 transporters, Gushra's ghost, journeyman TrBe; Hiweh's ghost, journeyman DgCj
Vaults:2 2 transporters, exclusion: obsidian statue


Innate Abilities, Weirdness & Mutations

You have a pair of horns on your head.
You reflexively headbutt those who attack you in melee.
You are partially covered in iridescent scales. (AC +2)
You are strong-willed. (Will+)
Your spells are a little harder to cast, but a little more powerful.
You passively dampen the noise of your surroundings.


Message History

(V) Vaults (C) Crypt (U) Depths (H) Hell (Z) Zot
Where to? (Enter - Temple, ? - help)
What level of the Dungeon? (default 1, ? - help)
You see here a +0 dagger.
There is a stone staircase leading up here.
You climb upwards.
There is a stone staircase leading down here.
There is an open door here.
There is a stone staircase leading up here.
You climb upwards.
There is a stone staircase leading down here.
You see here a +0 whip.
There is a stone staircase leading up here.
You climb upwards.
There is a stone staircase leading down here.
An orange demon comes into view.
The orange demon closely misses you. You block the orange demon's attack.
The orange demon closely misses you.
You slash the orange demon!
The orange demon is moderately wounded.
You slash the orange demon! You headbutt the orange demon.
The orange demon is heavily wounded.
You block the orange demon's attack. x2
You slice the orange demon!! You headbutt the orange demon.
You kill the orange demon!
Fedhas accepts your kill.
No target in view!
No target in view!
(D) Dungeon (T) Temple (L) Lair (S) Swamp (N) Spider Nest (M) Slime Pits (O) Orcish Mines (E) Elven Halls (V) Vaults (C) Crypt (U) Depths (H) Hell (Z) Zot
Where to? (Enter - D:1 @ (x,y), ? - help)
What level of the Dungeon? (default 1, ? - help)
You see here a +0 club.
There is a staircase leading out of the dungeon here.
Okay, then.
Okay, then.
You have escaped!

.# #.#.#
#......#.......# ##
#.#.# #######.######.#
####.#.#### ### #.#
.......)..############
#.##
#########...##.#.#.#.#
##..### #.#...#.#.#.##
#.....# #.####.#.#.#.#
#.###.# #.# #.#.#.#.##
#.# #.# #.# ##.#@#.#.#
#.###.# #.# #.#.#.#.##
#.)...# #.# ##.#.#.#.#
###.###### #.#
#.#.#.#.## #........#
#.# #..######
#.#.####.# #.#
##.#########.#.# #.#
#.# #........รท....#
#.# # #.#
#.#########.#.# #.# #
#.# #.# #.#.# #.#


There were no monsters in sight!

Vanquished Creatures
  the Royal Jelly (Slime:5)
  6 dread liches
  5 ancient liches (Zot:5)
  2 orbs of fire (Zot:5)
  Mara (Depths:1)
  Josephina (Zot:2)
  Vv (Zot:2)
  Parghit (Zot:4)
  Saint Roka (Vaults:4)
  The ghost of Dameikh the Hoplite, a veteran FoFi of Nemelex Xobeh (Depths:4)
  6 Killer Klowns
  2 caustic shrikes (Depths:3)
  2 curse toes
  Bai Suzhen (Vaults:3)
  Nikola (Swamp:3)
  13 golden dragons
  Arachne (Spider:2)
  5 electric golems
  The ghost of Valamore the Hoplite, an adept MiFi of Fedhas (Vaults:1)
  6 pandemonium lords
  2 Ice Fiends (Temple)
  2 Tzitzimimeh (Temple)
  10 tentacled monstrosities
  36 Orb Guardians
  Zenata (Vaults:1)
  4 Hell Sentinels
  A lich (Depths:3)
  A walking earthen tome (Depths:4)
  A walking frostbound tome (Depths:3)
  5 quicksilver dragons
  19 acid blobs
  2 Executioners
  5 sphinxes
  Gastronok (D:8)
  7 death cobs
  Kirke (D:11)
  A tengu reaver (Depths:3)
  9 shadow dragons
  9 draconian monks
  6 rockslimes
  2 thorn hunters (Swamp:4)
  11 storm dragons
  4 azure jellies (Slime:5)
  7 fire giants
  4 draconian knights
  Louise (D:15)
  7 ghost moths
  3 emperor scorpions
  8 draconian scorchers
  An iron dragon (Depths:3)
  A ghost moth (shapeshifter) (Vaults:4)
  2 cacodemons (Temple)
  10 vault wardens
  4 frost giants
  9 draconian shifters
  7 draconian annihilators
  2 draconian stormcallers
  12 ironbound thunderhulks
  11 broodmothers
  2 reapers
  14 ironbound preservers
  18 green draconians
  A spriggan defender (Depths:2)
  5 quicksilver oozes (Slime:5)
  A demonspawn corrupter (Temple)
  5 stone giants
  2 demonspawn blood saints (Temple)
  A vampire knight (Depths:3)
  26 very ugly things
  A lorocyproca (Temple)
  3 eleionomae
  2 bunyips
  A demonspawn black sun (Temple)
  11 black draconians
  A minotaur (Gauntlet)
  10 white draconians
  18 red draconians
  4 dire elephants (Vaults:1)
  9 yellow draconians
  11 purple draconians
  2 blizzard demons (Temple)
  4 spark wasps
  An eidolon (Vaults:2)
  2 crystal guardians (Vaults:2)
  8 ettins
  An entropy weaver (shapeshifter) (D:14)
  6 fire dragons
  2 merfolk impalers (Depths:2)
  A shambling mangrove (Swamp:4)
  10 great orbs of eyes
  10 yaktaur captains
  A deep elf high priest (Vaults:3)
  7 entropy weavers
  3 rakshasas
  10 ironbound frosthearts
  7 vault guards
  10 ice dragons
  5 peacekeepers
  24 hydras
  3 ogre magi
  A hell beast (Depths:3)
  2 radroaches
  4 ghost crabs
  2 spriggan air magi (Depths:4)
  A catoblepas (Lair:4)
  3 jorogumos
  7 alligators
  An anaconda (shapeshifter) (Depths:3)
  8 centaur warriors
  3 boulder beetles
  14 two-headed ogres
  8 deep troll earth magi
  A death knight (Vaults:2)
  7 deep troll shamans
  A tengu warrior (Depths:1)
  6 spriggan berserkers
  Urug (Orc:1)
  A hell hog (Depths:3)
  Nergalle (D:11)
  8 soul eaters
  13 hell knights
  3 sun demons
  10 pharaoh ants
  15 spriggans
  A skyshark (Lair:5)
  11 iron trolls
  A salamander mystic (Depths:4)
  A cherub (Temple)
  An orb spider (shapeshifter) (Gauntlet)
  6 sixfirhies
  7 goliath frogs
  A skeletal warrior (D:15)
  2 quicksilver dragon simulacra
  2 shadow demons
  62 deep trolls
  14 orb spiders
  3 flayed ghosts
  12 lindwurms
  3 spriggan druids
  7 glowing orange brains
  7 steelbarb worms
  17 swamp dragons
  5 wizards
  20 ironbound convokers
  8 harpies
  6 bog bodies
  4 deep elf pyromancers
  A phantasmal warrior (Vaults:2)
  6 necromancers
  4 shining eyes
  2 will-o-the-wisps (Swamp:4)
  A cyclops (shapeshifter) (Vaults:1)
  2 orc knights
  A wolf spider (shapeshifter) (Gauntlet)
  4 cyclopes
  A tengu zombie (Vaults:1)
  13 wolf spiders
  4 orc sorcerers
  4 human skeletons
  2 salamanders (Depths:4)
  A toenail golem (Temple)
  A manticore (D:13)
  44 ugly things
  20 moths of wrath
  11 elephants
  A fire giant skeleton (D:15)
  Maurice (D:12)
  A frost giant skeleton (D:15)
  Joseph (D:8)
  5 black mambas
  5 rust devils
  An ice statue (IceCv)
  6 demonic crawlers
  A gargoyle (D:12)
  A smoke demon (Temple)
  2 eyes of devastation (Slime:5)
  8 orange demons
  18 vault sentinels
  3 torpor snails
  Psyche (D:9)
  2 elf skeletons (Vaults:3)
  An unseen horror (D:9)
  21 cane toads
  11 rime drakes
  32 yaktaurs
  A hellion (D:5)
  A tengu conjurer (D:15)
  4 ice devils
  2 efreet
  2 freezing wraiths
  5 guardian mummies
  4 komodo dragons
  A red devil (Depths:2)
  9 meliai
  11 hornets
  A meliai (shapeshifter) (D:13)
  2 polar bears
  11 trolls
  3 hellwings
  6 tyrant leeches
  31 blink frogs
  A shadow dragon simulacrum (Zot:2)
  An elf zombie (Vaults:2)
  Prince Ribbit (D:7)
  A deep troll zombie (Vaults:2)
  A snapping turtle (shapeshifter) (Gauntlet)
  A draconian simulacrum (Zot:2)
  23 tarantellas
  A spriggan zombie (D:15)
  An ettin zombie (Vaults:2)
  2 small abominations (Temple)
  A spriggan skeleton (D:15)
  23 jumping spiders
  63 slime creatures
  5 wraiths
  2 shadows (D:10)
  2 ettin skeletons
  A spriggan (shapeshifter) (Vaults:1)
  24 culicivoras
  2 basilisks
  4 wyverns
  26 fire elementals
  13 water elementals
  4 hogs
  A human (D:12)
  35 yaks
  A golden eye (shapeshifter) (D:13)
  18 vampire mosquitoes
  2 steam dragons
  4 golden eyes
  A neqoxec (Temple)
  84 redbacks
  Edmund (D:5)
  A redback simulacrum (D:12)
  Menkaure (D:7)
  A death yak simulacrum (IceCv)
  17 swamp worms
  A glowing shapeshifter zombie (Vaults:3)
  3 wargs
  4 large abominations
  A harpy simulacrum (IceCv)
  A human zombie (Vaults:2)
  5 hell hounds (Lair:5)
  9 water moccasins
  2 acid dragons
  2 hydra simulacra (IceCv)
  A moth of wrath simulacrum (Zot:2)
  10 swamp drakes
  An ice beast (D:7)
  A sky beast (D:7)
  An ice beast (shapeshifter) (D:15)
  17 orc warriors
  25 ogres
  10 wolves
  9 centaurs
  3 kobold brigands
  4 phantoms
  13 bullfrogs
  A gnoll sergeant (Orc:2)
  4 scorpions
  2 cane toad simulacra (IceCv)
  7 two-headed ogre simulacra (IceCv)
  4 necrophages
  5 wights (D:9)
  4 elephant simulacra (IceCv)
  14 killer bees
  7 electric eels
  12 howler monkeys
  2 hounds
  5 jellies
  A gnoll bouda (D:6)
  11 orc priests
  2 iguanas
  5 hell rats (Lair:4)
  17 orc wizards
  5 troll simulacra (IceCv)
  2 polar bear simulacra (IceCv)
  4 spriggan simulacra (IceCv)
  2 wolf simulacra (IceCv)
  6 ogre zombies (D:10)
  4 mummies (D:12)
  9 gnolls
  2 naga simulacra (IceCv)
  12 adders
  6 river rats (Sewer)
  4 shadow imps
  6 white imps (IceCv)
  6 ufetubi (IceCv)
  4 worms
  3 dart slugs
  43 orcs
  21 ball pythons
  4 bats
  8 endoplasms
  4 giant cockroaches
  3 goblins
  6 hobgoblins
  5 jackals
  20 kobolds
  7 quokkas
  4 frilled lizards
  2 goblin skeletons (D:10)
  4 goblin zombies (D:10)
  A hobgoblin skeleton (D:10)
  A hobgoblin zombie (D:10)
  3 orc skeletons (D:10)
  8 orc zombies (D:10)
  21 rats
  5 briar patches (Swamp:4)
  A fungus (Lair:4)
2052 creatures vanquished.

Vanquished Creatures (others)
  A ghost moth (Zot:2)
  A wizard (D:13)
  A wolf spider (Spider:4)
  A bloated husk (Swamp:1)
  A draconian simulacrum (Zot:2)
  A swamp worm (Swamp:1)
  A shadow imp (D:8)
  3 briar patches (Swamp:4)
  4 foxfires (Swamp:4)
  9 fungi
  19 plants
  3 withered plants (D:15)
45 creatures vanquished.

Grand Total: 2097 creatures vanquished

Notes
Turn   | Place    | Note
-------+----------+-------------------------------------------
     0 | D:1      | Valamore the Minotaur Fighter began the quest for the Orb.
     0 | D:1      | Reached XP level 1. HP: 19/19 MP: 0/0
   205 | D:1      | Reached XP level 2. HP: 27/27 MP: 1/1
   730 | D:2      | Reached XP level 3. HP: 29/33 MP: 2/2
   968 | D:2      | Reached XP level 4. HP: 35/41 MP: 3/3
  1308 | D:2      | Reached skill level 5 in Axes
  1315 | D:2      | Found a snail-covered altar of Cheibriados.
  1763 | D:3      | Found a glowing drain.
  1778 | Sewer    | Entered a sewer
  1801 | Sewer    | Reached XP level 5. HP: 47/47 MP: 4/4
  1895 | Sewer    | Reached skill level 5 in Fighting
  2007 | Sewer    | Identified the +1 robe "Utouriol" {rElec Int+4}
  2175 | Sewer    | Reached XP level 6. HP: 20/56 MP: 5/5
  2606 | D:3      | Found an iron altar of Okawaru.
  3103 | D:3      | Became a worshipper of Warmaster Okawaru
  3143 | D:4      | Found an ornate altar of the Wu Jian Council.
  3400 | D:4      | Reached XP level 7. HP: 41/63 MP: 3/6
  3733 | D:4      | Reached * piety under Okawaru
  3876 | D:4      | Found a staircase to the Ecumenical Temple.
  4080 | D:5      | Entered Level 5 of the Dungeon
  4206 | D:5      | Noticed Edmund
  4219 | D:5      | Killed Edmund
  4220 | D:5      | Reached XP level 8. HP: 46/73 MP: 4/7
  4481 | D:5      | Found an opulent altar of Gozag.
  4766 | D:5      | Reached skill level 10 in Axes
  4774 | D:5      | Found a glowing silver altar of Zin.
  4824 | D:5      | Found a stormy altar of Qazlal.
  5361 | D:6      | Found a shadowy altar of Dithmenos.
  5495 | D:6      | Reached ** piety under Okawaru
  5496 | D:6      | Reached skill level 5 in Shields
  5496 | D:6      | Found a shimmering altar of Xom.
  5689 | D:7      | Reached XP level 9. HP: 77/82 MP: 6/8
  5711 | D:7      | Noticed Prince Ribbit
  5733 | D:7      | Killed Prince Ribbit
  5795 | D:7      | Identified the +7 rapier of Generosity {flame, rF- Dex+6
                  | SInv}
  6114 | D:7      | Noticed Menkaure
  6119 | D:7      | Killed Menkaure
  6145 | D:7      | Reached *** piety under Okawaru
  6187 | D:7      | Found Fiaruedd's Jewellery Emporium.
  6609 | D:8      | Noticed a two-headed ogre
  6619 | D:8      | Killed a two-headed ogre
  6620 | D:8      | Reached skill level 10 in Fighting
  6810 | D:8      | Noticed Gastronok
  7222 | D:8      | Killed Gastronok
  7222 | D:8      | Reached **** piety under Okawaru
  7223 | D:8      | Reached XP level 10. HP: 94/94 MP: 7/9
  7324 | D:8      | Noticed Joseph
  7338 | D:8      | Killed Joseph
  7992 | D:9      | Noticed a two-headed ogre
  8005 | D:9      | Killed a two-headed ogre
  8005 | D:9      | Reached ***** piety under Okawaru
  8006 | D:9      | Reached skill level 15 in Axes
  8748 | D:9      | Noticed Psyche
  8760 | D:9      | Killed Psyche
  8802 | D:9      | Found a staircase to the Lair.
  8837 | D:9      | Found an ancient bone altar of Kikubaaqudgha.
  9013 | D:10     | Entered Level 10 of the Dungeon
  9058 | D:10     | Reached XP level 11. HP: 79/104 MP: 10/10
  9071 | D:9      | Reached skill level 1 in Dodging
  9071 | D:9      | Reached skill level 1 in Invocations
  9284 | D:10     | Reached skill level 2 in Invocations
  9585 | D:10     | Reached skill level 5 in Armour
  9589 | D:10     | Identified the +2 hat "Wipnecats" {rPois} (Okawaru gifted
                  | it to you on level 10 of the Dungeon)
  9589 | D:10     | Received a gift from Okawaru
  9703 | D:10     | Found a staircase to the Orcish Mines.
  9892 | D:10     | Reached skill level 3 in Invocations
 10381 | D:10     | Found a sacrificial altar of Ru.
 10444 | D:11     | Noticed a two-headed ogre
 10454 | D:11     | Killed a two-headed ogre
 10706 | D:11     | Noticed Nergalle
 10719 | D:11     | Killed Nergalle
 10720 | D:11     | Reached skill level 4 in Invocations
 10877 | D:11     | Identified the +0 scale mail "Wisuq" {rF+ rC++ Str-4 Int+3
                  | Dex+3}
 10957 | D:11     | Found a frozen archway.
 10971 | D:11     | Reached skill level 5 in Dodging
 10976 | IceCv    | Entered an ice cave
 11380 | IceCv    | Found the +4 skin of Zhor {*Englaciate rC+++ SInv}
 11544 | IceCv    | Reached skill level 5 in Invocations
 12143 | IceCv    | Noticed a bog body
 12143 | IceCv    | Noticed a bog body
 12158 | IceCv    | Killed a bog body
 12164 | IceCv    | Killed a bog body
 12260 | IceCv    | Reached XP level 12. HP: 112/112 MP: 15/15
 12819 | D:12     | Identified the +6 executioner's axe of Reinforcement
                  | {spect, rF++ Str-3 Dex+4} (Okawaru gifted it to you on
                  | level 12 of the Dungeon)
 12819 | D:12     | Received a gift from Okawaru
 12875 | D:12     | Noticed Kirke
 13207 | D:11     | Killed Kirke
 13208 | D:11     | Reached skill level 6 in Invocations
 13348 | D:12     | Noticed Maurice
 13371 | D:12     | Killed Maurice
 13451 | D:12     | Noticed a two-headed ogre
 13453 | D:12     | Killed a two-headed ogre
 13542 | D:12     | Reached skill level 7 in Invocations
 13642 | D:12     | Noticed a reaper
 13642 | D:12     | Noticed a reaper
 13642 | D:12     | Noticed a reaper
 13642 | D:12     | Noticed a reaper
 13643 | D:12     | Noticed a reaper
 14054 | D:12     | Identified the +6 plate armour "Anaadunt" {Fly Dex-3
                  | Stlth+} (Okawaru gifted it to you on level 12 of the
                  | Dungeon)
 14054 | D:12     | Received a gift from Okawaru
 14329 | D:13     | Noticed a boulder beetle
 14335 | D:13     | Killed a boulder beetle
 14346 | D:13     | Reached skill level 10 in Armour
 14527 | D:13     | Noticed a centaur warrior
 14531 | D:13     | Killed a centaur warrior
 14532 | D:13     | Reached skill level 8 in Invocations
 14620 | D:13     | Found a runed translucent gate.
 14620 | D:13     | Noticed a boulder beetle
 14621 | D:13     | Found a runed translucent gate.
 14622 | D:13     | Found a runed translucent gate.
 14625 | D:13     | Noticed Zakkuatt's ghost (journeyman HOFi)
 14625 | D:13     | Noticed a tengu reaver
 14742 | D:13     | Found the +8 trishula "Condemnation" {holy, anguish, *Noise
                  | Fly rN+}
 14927 | D:13     | Reached XP level 13. HP: 82/118 MP: 18/18
 15100 | D:13     | Found an ancient bone altar of Kikubaaqudgha.
 15118 | D:13     | Found a gate to the Vaults.
 15135 | D:13     | Received a gift from Okawaru
 16273 | D:14     | Found a transporter.
 16325 | D:14     | Found a transporter.
 16472 | D:14     | Found a transporter.
 16675 | D:14     | Found a transporter.
 16815 | Lair:1   | Entered Level 1 of the Lair of Beasts
 16885 | Lair:1   | Reached ****** piety under Okawaru
 16955 | Lair:1   | Received a gift from Okawaru
 17925 | Lair:2   | Reached skill level 1 in Throwing
 18104 | Lair:2   | Reached XP level 14. HP: 126/127 MP: 19/19
 18262 | Lair:2   | Received a gift from Okawaru
 18504 | Lair:3   | Found a staircase to the Swamp.
 18534 | Lair:3   | Found a gate leading to a gauntlet.
 18561 | Gauntlet | Entered a Gauntlet
 18561 | Gauntlet | Found a transporter.
 18601 | Gauntlet | Found a transporter.
 18603 | Gauntlet | Found a transporter.
 18614 | Gauntlet | Found a transporter.
 18617 | Gauntlet | Found a transporter.
 18624 | Gauntlet | Found a runed translucent door.
 18627 | Gauntlet | Found a transporter.
 18647 | Gauntlet | Found a transporter.
 18658 | Gauntlet | Found a transporter.
 18670 | Gauntlet | Found a transporter.
 18689 | Gauntlet | Found a transporter.
 18703 | Gauntlet | Found a transporter.
 18703 | Gauntlet | Found a transporter.
 18751 | Gauntlet | Found a transporter.
 18765 | Gauntlet | Found a transporter.
 19074 | Gauntlet | Received a gift from Okawaru
 19235 | Gauntlet | Identified the +0 cloak of Greed {rElec rPois Will- Regen+}
 19304 | Gauntlet | Reached skill level 9 in Invocations
 19584 | Lair:3   | Found a hole to the Spider Nest.
 20137 | Lair:4   | Found a staircase to the Slime Pits.
 20224 | Lair:4   | Received a gift from Okawaru
 20883 | Lair:5   | Entered Level 5 of the Lair of Beasts
 20932 | Lair:5   | Identified the +4 rapier of Fimbulwinter {protect, Str+3}
 21151 | Lair:5   | Reached skill level 5 in Throwing
 21419 | Lair:5   | Found a burning altar of Makhleb.
 21434 | Lair:5   | Identified the +0 robe of Egalitarianism {rPois rF+ Will-
                  | Str+3} (Okawaru gifted it to you on level 5 of the Lair of
                  | Beasts)
 21434 | Lair:5   | Received a gift from Okawaru
 21435 | Lair:5   | Reached XP level 15. HP: 96/137 MP: 18/21
 21436 | Lair:5   | Reached skill level 10 in Invocations
 21449 | Lair:5   | Found a gateway to Hell.
 21456 | Lair:5   | Identified the +1 plate armour of the Farmer {Str+3}
 22141 | D:15     | Entered Level 15 of the Dungeon
 22198 | D:15     | Noticed Louise
 22212 | D:15     | Killed Louise
 22267 | D:15     | Found a transporter.
 22268 | D:15     | Noticed Gushra's ghost (journeyman TrBe)
 22276 | D:15     | Noticed Hiweh's ghost (journeyman DgCj)
 22443 | D:15     | Found a staircase to the Depths.
 22590 | D:15     | Reached skill level 10 in Dodging
 22689 | D:15     | Found a transporter.
 22707 | D:15     | Identified the +3 crystal plate armour of Impressiveness
                  | {Harm Regen+}
 22876 | D:15     | Noticed Hiweh's ghost (journeyman DgCj)
 23054 | Orc:1    | Entered Level 1 of the Orcish Mines
 23136 | Orc:1    | Noticed Urug
 23145 | Orc:1    | Killed Urug
 23224 | Orc:1    | Found Ewyxeges's Distillery.
 23440 | Orc:2    | Entered Level 2 of the Orcish Mines
 23440 | Orc:2    | Found Raerem's Distillery.
 23440 | Orc:2    | Found Fyruom's Armour Shoppe.
 23455 | Orc:2    | Identified the +5 war axe "Uschowk" {protect, rC++ Int-3
                  | Stlth+} (Okawaru gifted it to you on level 2 of the Orcish
                  | Mines)
 23455 | Orc:2    | Received a gift from Okawaru
 23697 | Orc:2    | Reached skill level 15 in Fighting
 23699 | Orc:2    | Found Voploul's Assorted Antiques.
 23710 | Orc:2    | Found Viwko's Weapon Emporium.
 23840 | Orc:2    | Bought a scroll of blinking for 157 gold pieces
 23840 | Orc:2    | Bought a scroll of identify for 42 gold pieces
 23845 | Orc:2    | Found a staircase to the Elven Halls.
 23850 | Orc:2    | Bought a potion of heal wounds for 75 gold pieces
 24079 | Orc:2    | Found Duytz's Armour Boutique.
 24359 | Swamp:1  | Entered Level 1 of the Swamp
 24444 | Swamp:1  | Received a gift from Okawaru
 25064 | Swamp:2  | Received a gift from Okawaru
 25074 | Swamp:2  | Reached XP level 16. HP: 125/149 MP: 20/22
 25077 | Swamp:2  | Received a gift from Okawaru
 25354 | Swamp:2  | Identified the +6 scale mail of the Lobster {-Tele rPois
                  | Regen+ Str+3} (Okawaru gifted it to you on level 2 of the
                  | Swamp)
 25354 | Swamp:2  | Received a gift from Okawaru
 25942 | Swamp:3  | Noticed Nikola
 25952 | Swamp:3  | Killed Nikola
 26674 | Swamp:3  | Reached skill level 10 in Throwing
 26823 | Swamp:3  | Received a gift from Okawaru
 27130 | Swamp:4  | Entered Level 4 of the Swamp
 27238 | Swamp:4  | Identified the +1 executioner's axe "Ekosemai" {flame, rF+
                  | rN+} (Okawaru gifted it to you on level 4 of the Swamp)
 27238 | Swamp:4  | Received a gift from Okawaru
 27640 | Swamp:4  | Noticed a thorn hunter
 27665 | Swamp:4  | Killed a thorn hunter
 27665 | Swamp:4  | Received a gift from Okawaru
 27665 | Swamp:4  | Found the +8 mithril axe "Arga" {speed, Will+}
 27898 | Swamp:4  | Noticed a thorn hunter
 27906 | Swamp:4  | Killed a thorn hunter
 28041 | Swamp:4  | Identified the +1 dagger "Tulixt" {drain, *Slow rElec Int+5
                  | Stlth+}
 28235 | Swamp:4  | Got a decaying rune of Zot
 28271 | Swamp:4  | Reached XP level 17. HP: 80/151 MP: 24/24
 28498 | Swamp:4  | Identified the +1 hat of Taschoeh {Str+5 Dex+5 Stlth-}
                  | (Okawaru gifted it to you on level 4 of the Swamp)
 28498 | Swamp:4  | Received a gift from Okawaru
 28952 | Spider:1 | Entered Level 1 of the Spider Nest
 29683 | Spider:1 | Reached skill level 10 in Shields
 30065 | Spider:2 | Noticed Arachne
 30075 | Spider:2 | Killed Arachne
 30418 | Spider:2 | Received a gift from Okawaru
 31125 | Spider:3 | Received a gift from Okawaru
 31365 | Spider:3 | Received a gift from Okawaru
 32006 | Orc:2    | Bought a +0 kite shield of protection for 115 gold pieces
 32239 | Spider:4 | Entered Level 4 of the Spider Nest
 32441 | Spider:4 | Reached skill level 15 in Shields
 32462 | Spider:4 | Reached skill level 1 in Evocations
 32485 | Spider:4 | Reached XP level 18. HP: 125/166 MP: 20/25
 32616 | Spider:4 | Received a gift from Okawaru
 33044 | Spider:4 | Got a gossamer rune of Zot
 33959 | Vaults:1 | Entered Level 1 of the Vaults
 34252 | Vaults:1 | Reached skill level 5 in Evocations
 34335 | Vaults:1 | Found a runed translucent door.
 34337 | Vaults:1 | Noticed Valamore's ghost (adept MiFi)
 34493 | Vaults:1 | Identified the +7 short sword "Ynua" {antimagic, Int+4}
 34672 | Vaults:1 | Received a gift from Okawaru
 34818 | Vaults:1 | Noticed Zenata
 34836 | Vaults:1 | Killed Zenata
 35886 | Vaults:1 | Found Kezu Vix's Assorted Antiques.
 35890 | Vaults:1 | Bought a potion of heal wounds for 190 gold pieces
 35890 | Vaults:1 | Bought a potion of invisibility for 304 gold pieces
 35966 | Vaults:1 | Killed Valamore's ghost
 36005 | Vaults:1 | Identified the +8 long sword of Balance {drain, rPois rF-
                  | rN+ Int+4}
 36085 | Vaults:2 | Reached XP level 19. HP: 122/180 MP: 26/26
 36194 | Vaults:2 | Found a staircase to the Crypt.
 36356 | Vaults:2 | Found a portal to a secret trove of treasure.
 36479 | Vaults:2 | Received a gift from Okawaru
 36764 | Vaults:2 | Reached skill level 11 in Invocations
 36820 | Vaults:2 | Found a transporter.
 36821 | Vaults:2 | Found the +2 pair of slick slippers {slick, slippery, EV+5}
 36831 | Vaults:2 | Found a transporter.
 36926 | Vaults:2 | Identified the +1 broad axe "Poxeanyi" {antimagic, *Slow
                  | Str+3} (Okawaru gifted it to you on level 2 of the Vaults)
 36926 | Vaults:2 | Received a gift from Okawaru
 37573 | Vaults:3 | Identified the +8 chain mail of Yredelemnul's Hatred
                  | {Str+5}
 37913 | Vaults:3 | Received a gift from Okawaru
 37982 | Vaults:3 | Noticed Bai Suzhen
 38003 | Vaults:3 | Killed Bai Suzhen
 38085 | Vaults:3 | Received a gift from Okawaru
 38100 | Vaults:3 | Received a gift from Okawaru
 38538 | Vaults:4 | Reached skill level 12 in Invocations
 38688 | Vaults:4 | Received a gift from Okawaru
 38736 | Vaults:4 | Received a gift from Okawaru
 38737 | Vaults:4 | Reached XP level 20. HP: 156/193 MP: 28/28
 38745 | Vaults:4 | Reached skill level 10 in Evocations
 38855 | Vaults:4 | Noticed Saint Roka
 38873 | Vaults:4 | Killed Saint Roka
 39095 | Vaults:4 | Identified the +9 morningstar "Dobiy" {flame, rC+ Str+3}
 39566 | Vaults:4 | Received a gift from Okawaru
 39590 | Vaults:4 | Received a gift from Okawaru
 39842 | Vaults:4 | Reached skill level 13 in Invocations
 40080 | Depths:1 | Entered Level 1 of the Depths
 40084 | Depths:1 | Noticed a golden dragon
 40098 | D:15     | Killed a golden dragon
 40223 | Depths:1 | Noticed Mara
 40258 | Depths:1 | Killed Mara
 40284 | Depths:1 | Received a gift from Okawaru
 40390 | Depths:1 | Identified a scroll of acquirement
 40443 | Depths:1 | Found a flickering gateway to a bazaar.
 40542 | Depths:1 | Acquired a manual of Invocations
 40627 | Depths:1 | Found an ornate altar of the Wu Jian Council.
 40730 | Depths:1 | Found a one-way gate leading to the halls of Pandemonium.
 40986 | Depths:1 | Found the +9 sword of Zonguldrok {reap}
 41147 | Depths:2 | You fall into a shaft and drop 1 floor!
 41224 | Depths:3 | Noticed a caustic shrike
 41243 | Depths:3 | Noticed a caustic shrike
 41252 | Depths:3 | Noticed a dread lich
 41257 | Depths:3 | Killed a caustic shrike
 41268 | Depths:3 | Killed a dread lich
 41268 | Depths:3 | Received a gift from Okawaru
 41347 | Depths:2 | Identified the +8 rapier "Goblinbane" {flame, MP+9 Str+3}
                  | (Okawaru gifted it to you on level 2 of the Depths)
 41347 | Depths:2 | Received a gift from Okawaru
 41467 | Depths:2 | Reached XP level 21. HP: 187/201 MP: 29/29
 41693 | Depths:2 | Found a sacrificial altar of Ru.
 41901 | Depths:2 | Found a one-way gateway to a ziggurat.
 41904 | Depths:2 | Identified the +4 rapier "Ewonokucw" {freeze, rElec rPois
                  | Dex+2}
 41938 | Depths:2 | Received a gift from Okawaru
 42075 | Depths:2 | Received a gift from Okawaru
 42092 | Depths:2 | Found a one-way gate to the infinite horrors of the Abyss.
 42659 | Depths:3 | Found the +12 glaive of Prune {freeze, Prune}
 42739 | Depths:3 | Killed a caustic shrike
 42739 | Depths:3 | Identified the +1 robe of the Evening {Str+3} (Okawaru
                  | gifted it to you on level 3 of the Depths)
 42739 | Depths:3 | Received a gift from Okawaru
 43831 | Depths:4 | Entered Level 4 of the Depths
 43889 | Depths:4 | Found a runed translucent door.
 43889 | Depths:4 | Noticed Dameikh's ghost (veteran FoFi)
 44001 | Depths:4 | Found a gate to the Realm of Zot.
 44023 | Depths:4 | Reached skill level 15 in Armour
 44489 | Depths:4 | Reached XP level 22. HP: 197/209 MP: 28/30
 44728 | Depths:4 | Identified the +1 great sword of Dissolution {heavy, Will+}
 44771 | Depths:4 | Received a gift from Okawaru
 44805 | Depths:4 | Noticed a golden dragon
 44818 | Depths:4 | Killed a golden dragon
 45153 | Depths:4 | Killed Dameikh's ghost
 45782 | Slime:1  | Entered Level 1 of the Pits of Slime
 45811 | Slime:1  | Received a gift from Okawaru
 46505 | Slime:5  | Entered Level 5 of the Pits of Slime
 46835 | Slime:5  | Noticed the Royal Jelly
 46845 | Slime:5  | Received a gift from Okawaru
 46860 | Slime:5  | Killed the Royal Jelly
 46860 | Slime:5  | Received a gift from Okawaru
 46876 | Slime:5  | Reached skill level 15 in Dodging
 46890 | Slime:5  | Received a gift from Okawaru
 46910 | Slime:5  | Gained mutation: You occasionally shout uncontrollably at
                  | your foes. [a shining eye]
 46914 | Slime:5  | Lost mutation: You occasionally shout uncontrollably at
                  | your foes. [potion of mutation]
 46914 | Slime:5  | Gained mutation: You have sharp toenails. [potion of
                  | mutation]
 46914 | Slime:5  | Gained mutation: You are partially covered in iridescent
                  | scales. (AC +2) [potion of mutation]
 47019 | Slime:5  | Identified the +9 glaive "Dysyixt" {heavy, *Rage rF++ rN++}
 47043 | Slime:5  | Got a slimy rune of Zot
 47069 | Slime:5  | Got the Exposition on Blasts
 47070 | Slime:5  | Identified the +6 longbow of the Coward {drain, rElec rF-
                  | Str-3 Int+8}
 47913 | Zot:1    | Entered Level 1 of the Realm of Zot
 47960 | Zot:1    | Reached skill level 14 in Invocations
 47990 | Zot:1    | Received a gift from Okawaru
 48016 | Zot:1    | Reached skill level 15 in Invocations
 48310 | Zot:1    | Reached skill level 16 in Invocations
 48314 | Zot:1    | Received a gift from Okawaru
 48366 | Zot:1    | Reached skill level 17 in Invocations
 48384 | Zot:1    | Received a gift from Okawaru
 48896 | Zot:1    | Received a gift from Okawaru
 49151 | Zot:1    | Reached XP level 23. HP: 147/215 MP: 34/34
 49366 | Zot:2    | Identified the ring of Peiggog {Ice Fly}
 49366 | Zot:2    | Noticed Josephina
 49386 | Zot:2    | Reached skill level 18 in Invocations
 49394 | Arena    | Entered the Arena
 49421 | Zot:2    | Noticed a Killer Klown
 49427 | Zot:2    | Killed Josephina
 49459 | Zot:2    | Received a gift from Okawaru
 49470 | Zot:2    | Killed a Killer Klown
 49478 | Zot:2    | Reached skill level 19 in Invocations
 49749 | Zot:2    | Noticed Vv
 49792 | Zot:2    | Killed Vv
 50104 | Zot:2    | Received a gift from Okawaru
 50200 | Zot:2    | Identified the +6 chain mail of Analysis {Harm rC- Regen+
                  | rCorr}
 50372 | Zot:2    | Noticed a curse toe
 50383 | Zot:2    | Killed a curse toe
 50496 | Zot:3    | Received a gift from Okawaru
 50586 | Zot:3    | Reached skill level 20 in Invocations
 50681 | Zot:3    | Received a gift from Okawaru
 50687 | Zot:3    | Identified the +9 plate armour "Sirchis" {*Slow Str+3 SInv}
 50887 | Zot:3    | Identified the +8 chain mail of the Frog {Str+2 Dex+2}
 51033 | Zot:4    | Noticed Parghit
 51050 | Zot:4    | Killed Parghit
 51112 | Zot:4    | Received a gift from Okawaru
 51252 | Zot:4    | Reached skill level 21 in Invocations
 51346 | Zot:4    | Noticed a Killer Klown
 51525 | Zot:4    | Killed a Killer Klown
 51698 | Zot:4    | Received a gift from Okawaru
 52130 | Zot:5    | Entered Level 5 of the Realm of Zot
 52138 | Zot:5    | Reached skill level 22 in Invocations
 52141 | Zot:5    | Received a gift from Okawaru
 52181 | Zot:5    | Reached XP level 24. HP: 212/224 MP: 33/37
 52194 | Zot:5    | Received a gift from Okawaru
 52531 | Zot:5    | Received a gift from Okawaru
 52570 | Zot:5    | Noticed a dread lich
 52582 | Zot:5    | Killed a dread lich
 52588 | Zot:5    | Noticed an ancient lich
 52607 | Zot:5    | Killed an ancient lich
 52618 | Zot:5    | Reached skill level 23 in Invocations
 52645 | Zot:5    | Received a gift from Okawaru
 52763 | Zot:5    | Noticed an orb of fire
 52763 | Zot:5    | Gained mutation: You have hidden genetic defects. [an orb
                  | of fire]
 52763 | Zot:5    | Noticed a Killer Klown
 52774 | Zot:5    | Killed an orb of fire
 52779 | Zot:5    | Noticed a dread lich
 52779 | Zot:5    | Paralysed by a dread lich for 4 turns
 52780 | Zot:5    | Noticed a Killer Klown
 52780 | Zot:5    | Noticed a Killer Klown
 52782 | Zot:5    | Noticed an ancient lich
 52792 | Zot:5    | Killed a dread lich
 52813 | Zot:5    | Killed a Killer Klown
 52815 | Zot:5    | Killed a Killer Klown
 52816 | Zot:5    | Killed a Killer Klown
 52817 | Zot:5    | Noticed a dread lich
 52827 | Zot:5    | Killed a dread lich
 52834 | Zot:5    | Noticed a dread lich
 52836 | Zot:5    | Killed an ancient lich
 52844 | Zot:5    | Reached skill level 24 in Invocations
 52847 | Zot:5    | Paralysed by a dread lich for 5 turns
 52861 | Zot:5    | Killed a dread lich
 52863 | Zot:5    | Gained mutation: You are frail. (-10% HP) [hidden defects]
 52871 | Zot:5    | Lost mutation: You have sharp toenails. [potion of
                  | mutation]
 52871 | Zot:5    | Lost mutation: You have hidden genetic defects. [potion of
                  | mutation]
 52871 | Zot:5    | Lost mutation: You are frail. (-10% HP) [potion of
                  | mutation]
 52871 | Zot:5    | Gained mutation: Your spells are a little harder to cast,
                  | but a little more powerful. [potion of mutation]
 52871 | Zot:5    | Gained mutation: You occasionally lose the ability to read
                  | scrolls when taking damage. [potion of mutation]
 52871 | Zot:5    | Gained mutation: Your flesh is heat resistant. (rF+)
                  | [potion of mutation]
 52872 | Zot:5    | Lost mutation: You occasionally lose the ability to read
                  | scrolls when taking damage. [potion of mutation]
 52872 | Zot:5    | Lost mutation: Your flesh is heat resistant. (rF+) [potion
                  | of mutation]
 52872 | Zot:5    | Gained mutation: You passively dampen the noise of your
                  | surroundings. [potion of mutation]
 52872 | Zot:5    | Gained mutation: You are strong-willed. (Will+) [potion of
                  | mutation]
 53053 | Zot:5    | Noticed a dread lich
 53074 | Zot:5    | Noticed an ancient lich
 53076 | Zot:5    | Identified the +1 robe "Damnable Contraption" {Str+4
                  | Stlth-} (Okawaru gifted it to you on level 5 of the Realm
                  | of Zot)
 53076 | Zot:5    | Received a gift from Okawaru
 53076 | Zot:5    | Killed a dread lich
 53080 | Zot:5    | Noticed an ancient lich
 53083 | Zot:5    | Killed an ancient lich
 53090 | Zot:5    | Killed an ancient lich
 53103 | Zot:5    | Reached skill level 25 in Invocations
 53109 | Zot:5    | Noticed a Killer Klown
 53133 | Zot:5    | Killed a Killer Klown
 53161 | Zot:5    | Noticed an orb of fire
 53169 | Zot:5    | Killed an orb of fire
 53214 | Zot:5    | Noticed an ancient lich
 53229 | Zot:5    | Killed an ancient lich
 53885 | Temple   | Entered the Ecumenical Temple
 54348 | Zot:5    | Got the Orb of Zot
 54376 | Zot:5    | Reached XP level 25. HP: 231/231 MP: 38/38
 54561 | Depths:3 | Noticed Huifehej the pandemonium lord
 54575 | Depths:3 | Killed Huifehej the pandemonium lord
 54994 | Temple   | Reached skill level 26 in Invocations
 55239 | Temple   | Noticed Ussom the pandemonium lord
 55277 | Temple   | Killed Ussom the pandemonium lord
 55277 | Temple   | Received a gift from Okawaru
 55296 | Temple   | Noticed Xasinoff the pandemonium lord
 55342 | Temple   | Killed Xasinoff the pandemonium lord
 55475 | Temple   | Received a gift from Okawaru
 55487 | Temple   | Noticed Nuihexun the pandemonium lord
 55520 | Temple   | Killed Nuihexun the pandemonium lord
 55701 | Temple   | Noticed Efuxt the pandemonium lord
 55723 | Temple   | Killed Efuxt the pandemonium lord
 56029 | Temple   | Reached skill level 27 in Invocations
 56064 | Temple   | Noticed Inikh the pandemonium lord
 56102 | Temple   | Killed Inikh the pandemonium lord
 56145 | Temple   | Fell from the grace of Okawaru
 56145 | Temple   | Became a worshipper of Fedhas Madash
 56274 | D:$      | Escaped with the Orb!

Illustrated notes

Levels and vault maps discovered:
D:1:      lightli_arrival_chessboard, layout_loops_ring, minmay_statues_item
D:2:      layout_loops_ring, basic_altar
D:3:      layout_basic, mainiacjoe_overflow_alcove_4, serial_rivers,
          chequers_serial_rivers_room_a, chequers_serial_rivers_large_b,
          chequers_serial_rivers_micro_e, chequers_serial_rivers_micro_b,
          chequers_serial_rivers_micro_c, chequers_serial_rivers_small_b,
          cheibrodos_sewer_entry_drain
D:4:      layout_basic, old_standard_altar, minmay_temple_entry_offerings
D:5:      layout_loops_ring, kennysheep_mini_moat, nicolae_gozag_seed_capital,
          nicolae_qazlal_eye_of_the_storm, uniq_edmund
D:6:      layout_cave_pools, grunt_dithmenos_shadows,
          mainiacjoe_overflow_small_starburst
D:7:      layout_basic, serial_shops, nicolae_shop_stone, uniq_prince_ribbit1,
          uniq_menkaure
D:8:      layout_gridville, uniq_joseph, uniq_gastronok
D:9:      layout_long_grid, mainiacjoe_overflow_tiny_flanked, lair_entry_dummy,
          uniq_psyche
D:10:     layout_irregular_city, nicolae_overflow_crystal_walls,
          zombieorc1_lemuel
D:11:     layout_long_grid, portal_ice_cave_rime, kennysheep_flooded_box,
          uniq_nergalle
D:12:     layout_long_grid, minmay_guarded_unrand_curses, uniq_kirke,
          uniq_maurice
D:13:     dreamdust_experimentation, layout_loops_cross, david_vaults_2,
          gammafunk_ghost_split, dreamdust_wishing_well,
          nicolae_kikubaaqudgha_miasma_corner
D:14:     layout_roguey, nicolae_transporter_intersection
D:15:     gammafunk_depths_entry_grave, layout_irregular_city,
          nzn_ghost_randoct, grunt_decor_arrowhead, uniq_louise
Temple:   nicolae_temple_god_jail
Lair:1:   layout_layer_cave, serial_bayou_lake_a
Lair:2:   layout_hall_layers, grunt_megastairs_2
Lair:3:   layout_hall_layers, minmay_swamp_entry_eels,
          hellmonk_spider_entry_not_the_bees, gauntlet_entry_generic,
          wad_woods_road_03, nicolae_lair_grove_arrangements,
          serial_bayou_pond_e, serial_bayou_shore_b, lemuel_fruit_fields
Lair:4:   layout_regular_city, nicolae_slime_entry_slimehenge,
          kennysheep_catoblepas_arena
Lair:5:   evil_forest, layout_regular_city, chequers_serial_rivers_room_b,
          lemuel_old_faithful
Swamp:1:  layout_basic_swamp, nicolae_swamp_ascending_descending,
          infiniplex_staircase_pool
Swamp:2:  layout_basic_swamp, evilmike_swamp_ruin_rubble_1, swamp_pool5,
          nicolae_swamp_catching_bugs
Swamp:3:  layout_basic_swamp, evilmike_swamp_ruin_house_4, swamp_pool1,
          st_swamp_ruins_4, uniq_nikola
Swamp:4:  swamp_basic_johnstein, layout_basic_swamp, swamp_pool1,
          nicolae_swamp_triple_paths
Spider:1: nicolae_spider_broodchamber, guppyfry_spider_mini_2
Spider:2: layout_spider_delve, uniq_arachne
Spider:3: layout_spider_delve, nicolae_spider_cling_halls
Spider:4: hellmonk_spider_rune_endless_swarm, nicolae_spider_baby_got_redback
Slime:1:  cheibrodos_slime_lost_civilization_8, layout_caves
Slime:2:  layout_caves
Slime:3:  nicolae_slime_pool, layout_caves
Slime:4:  layout_caves
Slime:5
Orc:1:    layout_caves, serial_shops, shop, basic_altar, uniq_urug
Orc:2:    st_orc_open, layout_caves, serial_shops, shop
Vaults:1: ebering_ghost_reflecting_pool, nicolae_vaults_quadrants, v_misc_4,
          nicolae_vaults_angled_halls, vaults_room_door_hall, v_alt_pattern_2,
          grunt_vaults_hallway_short, vaults_dpeg_cross, vaults_room_corners,
          v_misc_3, v_misc_3, nicolae_vaults_ring_of_whatevers,
          vaults_room_fancy_cross, layout_vaults_big_cross, serial_shops, shop,
          uniq_zenata
Vaults:2: gammafunk_sealed_arena, minmay_crypt_entry_simple_statues,
          hangedman_vaults_locks, ontoclasm_vaults_ligature,
          grunt_vaults_funnel, v_misc_10, vaults_standard_mumra_lines,
          vaults_dpeg_ring, nicolae_vaults_little_squares_3, vaults_dpeg_hooks,
          v_misc_31, layout_vaults_big_room, enter_trove_1
Vaults:3: vaults_mumra_lcd, vaults_room_hallway, nicolae_vaults_angled_halls,
          nicolae_vaults_specimen_jars, nicolae_vaults_alarming,
          dpeg_vaults_hating_casters, v_misc_15, vaults_dpeg_emergency_exit,
          layout_vaults_quadrants, uniq_bai_suzhen
Vaults:4: st_squares, hangedman_vaults_slice, v_misc_4,
          nicolae_vaults_big_angled_halls, nicolae_vaults_inception_corners,
          hangedman_vaults_pinch, v_pattern_5, nicolae_vaults_little_squares_6,
          ontoclasm_vaults_twist, v_misc_26, grunt_vaults_focal,
          vaults_dpeg_doors, vaults_dpeg_encased_lava, ontoclasm_vaults_pinch,
          layout_vaults_maze, uniq_saint_roka
Depths:1: minmay_skeletal_surprise, layout_cave_pools, grunt_hell_entry_dis_old,
          serial_shops, bzr_entry_gold, pan_entry, chequers_jeans,
          pdpol_wu_jian_five_deadly_venoms, uniq_mara
Depths:2: minmay_bubble_buster, layout_basic, enter_ziggurat_f,
          grunt_pan_entry_in_and_out, hangedman_abyss_entry_splay,
          serial_bayou_shore_a, pf_coc_iceberg, nicolae_ru_path_of_blood
Depths:3: minmay_strange_plus, layout_honeycomb, grunt_mini_vestibule,
          abyss_entry_crystal, chequers_big_river, kennysheep_crisscross,
          kennysheep_cluttered_room
Depths:4: grunt_zot_entry_bicorn, layout_gridlike, minmay_misc_feat_alley,
          hell_entry, hellmonk_ghost_happy_afterlife,
          hangedman_decor_diamond_cutter
Zot:1:    lemuel_firehouse, layout_cathedral_of_symmetry, grunt_ministairs_6
Zot:2:    layout_onion_interference, grunt_megastairs_5, uniq_josephina, uniq_vv
Zot:3:    layout_misc_corridors
Zot:4:    layout_gridlike, lemuel_elevator, uniq_parghit
Zot:5:    layout_misc_corridors

Skill      XL: |  1  2  3  4  5  6  7  8  9 10 11 12 13 14 15 16 17 18 19 20 21 22 23 24 25 |
---------------+----------------------------------------------------------------------------+-----
Axes           | 3 4 5 6 7 9 11 14 16 17 20 21 22 23 | 23.7
Fighting       | 4 5 6 7 8 10 12 13 15 16 18 19 20 | 20.5
Shields        | 5 6 15 16 18 20 | 20.0
Armour         | 8 10 11 12 15 | 15.8
Dodging        | 6 7 9 10 13 15 | 15.0
Invocations    | 5 8 9 10 12 13 17 22 25 27 | 27.0
Throwing       | 2 5 8 10 12 13 14 | 14.1
Evocations     | 1 7 9 12 | 12.0

Action                     |  1- 3 |  4- 6 |  7- 9 | 10-12 | 13-15 | 16-18 | 19-21 | 22-24 | 25-27 || total
---------------------------+-------+-------+-------+-------+-------+-------+-------+-------+-------++-------
  Melee: War axe           |    66 |   172 |   205 |   468 |       |       |       |       |       ||   911
         Headbutt          |    11 |    19 |    52 |   130 |   108 |   273 |   502 |   462 |   141 ||  1698
         Executioner's axe |       |       |       |    99 |   523 |   456 |       |       |       ||  1078
         Unarmed           |       |       |       |     4 |       |       |       |     8 |       ||    12
         Trishula          |       |       |       |       |     9 |       |       |       |       ||     9
         Broad axe         |       |       |       |       |       |   527 |  1489 |  1424 |   435 ||  3875
  Throw: Dart              |       |       |     2 |    12 |       |     8 |       |     2 |       ||    24
         Boomerang         |       |       |       |       |       |    11 |    12 |    28 |       ||    51
         Javelin           |       |       |       |       |       |       |     2 |    75 |     1 ||    78
 Invoke: Heroism           |       |       |     5 |    10 |     9 |    21 |    18 |    22 |     7 ||    92
         Finesse           |       |       |       |     1 |     1 |     9 |     6 |    13 |     6 ||    36
         Duel              |       |       |       |       |       |       |       |     1 |       ||     1
  Evoke: Condenser vane    |       |       |       |       |       |     2 |     2 |     3 |       ||     7
         Tin of tremorston |       |       |       |       |       |       |       |     3 |       ||     3
         Lightning rod     |       |       |       |       |       |       |       |     4 |       ||     4
         Phial of floods   |       |       |       |       |       |       |       |     1 |       ||     1
    Use: Scroll            |       |     1 |    13 |     4 |    15 |     3 |     6 |    13 |       ||    55
         Potion            |       |       |       |     2 |     1 |       |       |    16 |     8 ||    27
   Stab: Distracted        |       |       |       |     2 |    10 |    17 |       |       |       ||    29
         Confused          |       |       |       |       |       |     7 |       |       |       ||     7
 Armour: Scale mail        |    35 |   137 |       |       |       |       |       |       |       ||   172
         Plate armour      |       |       |    93 |   301 |   276 |   244 |       |       |       ||   914
         Skin              |       |       |       |     1 |       |       |       |     4 |     6 ||    11
         Crystal plate arm |       |       |       |    39 |       |   200 |   112 |       |       ||   351
         Gold dragon scale |       |       |       |       |       |       |   184 |   319 |    53 ||   556
  Dodge: Dodged            |    26 |    93 |    52 |   146 |   289 |   529 |   380 |   393 |    55 ||  1963
  Block: Buckler           |    15 |    53 |    33 |    97 |       |       |       |       |       ||   198
         Kite shield       |       |       |       |       |       |   210 |   519 |    47 |       ||   776
         Tower shield      |       |       |       |       |       |       |       |   725 |   160 ||   885

Table legend: (Time is in decaauts)
 A = Elapsed time spent in this place.
 B = Non-inter-level travel time spent in this place.
 C = Inter-level travel time spent in this place.
 D = Time resting spent in this place.
 E = Time spent auto-exploring this place.
 F = Levels seen in this place.
 G = Mean time per level.
                   A        B        C        D        E       F      G
               +--------+--------+--------+--------+--------+-----+--------+
         Total |  53852 |  48346 |   5506 |   6039 |  33595 |  53 | 1016.1 |
       Dungeon |  17418 |  15313 |   2105 |   2292 |  10707 |  15 | 1161.2 |
        Temple |   1086 |   1070 |     16 |    720 |     27 |   1 | 1086.0 |
          Lair |   5147 |   4154 |    993 |    137 |   3377 |   5 | 1029.4 |
         Swamp |   4340 |   4201 |    139 |    402 |   3223 |   4 | 1085.0 |
   Spider Nest |   4418 |   3874 |    544 |    340 |   2877 |   4 | 1104.5 |
    Slime Pits |   1762 |   1626 |    136 |    403 |    905 |   5 |  352.4 |
  Orcish Mines |   1265 |   1174 |     91 |    219 |    796 |   2 |  632.5 |
        Vaults |   5101 |   4721 |    380 |     40 |   3847 |   4 | 1275.2 |
        Depths |   5167 |   4475 |    692 |    265 |   3196 |   4 | 1291.8 |
           Zot |   5179 |   4772 |    407 |    749 |   2758 |   5 | 1035.8 |
         Sewer |    623 |    623 |      0 |    148 |    327 |   1 |  623.0 |
      Ice Cave |   1343 |   1343 |      0 |     88 |   1029 |   1 | 1343.0 |
      Gauntlet |    976 |    976 |      0 |    235 |    524 |   1 |  976.0 |
         Arena |     22 |     22 |      0 |      0 |      0 |   1 |   22.0 |
               +--------+--------+--------+--------+--------+-----+--------+

Top non-repeatable levels by time:
    D:13: 1911 daAuts
     D:8: 1885 daAuts
   Zot:1: 1791 daAuts
 Swamp:3: 1630 daAuts
    D:11: 1521 daAuts
Depths:2: 1505 daAuts
Vaults:1: 1470 daAuts
Depths:3: 1431 daAuts
Spider:4: 1414 daAuts
   IceCv: 1343 daAuts
  Lair:1: 1315 daAuts
   Zot:5: 1311 daAuts
     D:9: 1294 daAuts
Vaults:4: 1287 daAuts
    D:10: 1286 daAuts
